 Dungeon Crawl Stone Soup version 0.31-a0-516-gfcb59812bd (webtiles) character file.

Game seed: 6446476523850685242

33824 Gargoyl the Cleaver (level 13, -1/84 HPs)
             Began as a Gargoyle Berserker on Aug 10, 2023.
             Was an Elder of Trog.
             Killed from afar by a bog body (34 damage)
             ... with a bolt of cold
             ... on level 2 of the Lair of Beasts.
             The game lasted 00:19:51 (12513 turns).

Gargoyl the Cleaver (Gargoyle Berserker)           Turns: 12513, Time: 00:19:52

Health: -1/84      AC: 25    Str: 23    XL:     13   Next: 73%
Magic:  13/13      EV: 14    Int:  7    God:    Trog [****..]
Gold:   1572       SH: 17    Dex: 19    Spells: 12/12 levels left

rFire   . . .        y - +4 hand axe (drain)
rCold   . . .        Q - +1 kite shield {reflect}
rNeg    + . .        A - +0 scale mail
rPois   ∞            (no helmet)
rElec   +            a - scarf {repulsion}
rCorr   .            (no gloves)
SInv    .            u - +2 pair of boots
Will    .....        G - amulet of reflection
Stlth   ++           x - +6 ring of dexterity
HPRegen 0.34/turn    M - +4 ring of protection
MPRegen 0.13/turn

%: repel missiles, reflection
@: slowed, very slow
A: sickness immunity, AC +9, negative energy resistance 1, electricity
resistance, torment resistance 1, petrification resistance
a: Renounce Religion, Berserk, Trog's Hand, Brothers in Arms


You were on level 2 of the Lair of Beasts.
You worshipped Trog.
Trog was greatly pleased with you.
You visited 2 branches of the dungeon, and saw 15 of its levels.

You collected 1572 gold pieces.

Inventory:

Hand Weapons
 l - a +4 war axe
 p - the +4 spear of Verdant Indomitability {freeze, Str+3}
   (You found it on level 3 of the Dungeon)

   Str+3:     It affects your strength (+3).
 y - a +4 hand axe of draining (weapon)
 F - a +2 hand axe of freezing
Missiles
 B - 42 poisoned darts (quivered)
 E - 4 curare-tipped darts
 I - a throwing net
Armour
 a - a scarf of repulsion (worn)
 u - a +2 pair of boots (worn)
 A - a +0 scale mail (worn)
 C - a +2 cloak
 Q - a +1 kite shield of reflection (worn)
Jewellery
 f - an amulet of regeneration
 x - a +6 ring of dexterity (left hand)
 G - an amulet of reflection (around neck)
 M - a +4 ring of protection (right hand)
 P - a +6 ring of strength
 R - a +5 ring of evasion
 U - a ring of ice
Wands
 b - a wand of flame (46)
 i - a wand of mindburst (9)
 s - a wand of iceblast (20)
 w - a wand of charming (35)
 H - a wand of polymorph (10)
 N - a wand of acid (12)
Scrolls
 d - a scroll of poison
 e - 11 scrolls of teleportation
 q - a scroll of revelation
 D - 2 scrolls of fog
 O - 2 scrolls of fear
Potions
 c - 5 potions of haste
 g - 7 potions of mutation
 h - 4 potions of degeneration
 j - 3 potions of enlightenment
 k - 7 potions of curing
 n - a potion of invisibility {unknown}
 o - 2 potions of heal wounds {unknown}
 t - 3 potions of might {unknown}
 v - a potion of resistance {unknown}
 z - a potion of berserk rage {unknown}
 J - a potion of cancellation {unknown}
 K - 3 potions of brilliance {unknown}
 S - a potion of lignification {unknown}
 T - a potion of ambrosia {unknown}


   Skills:
 + Level 11.1 Fighting
 + Level 12.1(12.9) Axes
 + Level 7.2(10.6) Polearms
 + Level 9.5 Armour
 + Level 8.0 Dodging
 + Level 5.0 Stealth
 + Level 7.7 Shields


You had 12 spell levels left.
You didn't know any spells.
Your spell library was empty.

Dungeon Overview and Level Annotations

Branches:
Dungeon (13/15)            Temple (0/1) D:7            Lair (2/5) D:11
  Snake (0/4) Lair:2          Orc (0/2) D:12
  Swamp: Lair:2-3    Shoals: Lair:2-3    Vaults: D:13-14

Altars:
Cheibriados
Gozag
Nemelex Xobeh
Okawaru
Qazlal
Ru
Sif Muna
Trog
Uskayaw
Vehumet
Wu Jian
Xom
Yredelemnul
The Shining One

Shops:
D:9 *   D:11 [

Annotations:
D:7 2 transporters, temitten's ghost, novice OgSu


Innate Abilities, Weirdness & Mutations

You are immune to sickness and miasma.
Your stone body is resilient. (AC +9)
You are immune to poison.
You resist negative energy. (rN+)
You are resistant to electric shocks. (rElec)
You are resistant to unholy torment.
You are immune to petrification.


Message History

You block the bog body's attack.
You hit the swamp worm. You drain the swamp worm.
The swamp worm is heavily wounded.
You closely miss the bog body. You block the swamp worm's attack.
The bog body casts a spell at you.
You feel yourself slow down.
Unknown command.
You hit the bog body.
The bog body is lightly damaged.
You hit the swamp worm. You block the swamp worm's attack.
The bog body misses you.
Unknown command.
You hit the bog body.
The bog body is lightly damaged.
You hit the swamp worm. You drain the swamp worm.
You block the swamp worm's attack.
The bog body points at you and mumbles some strange words.
The bolt of cold is repelled.
You slash the bog body!
The bog body is moderately damaged.
You miss the swamp worm. You block the swamp worm's attack.
The bog body points at you and mumbles some strange words.
The bolt of cold misses you. You block the swamp worm's attack.
Unknown command.
You slash the bog body!
The bog body is heavily damaged.
You slash the swamp worm!
You kill the swamp worm!
Trog accepts your kill. The bog body closely misses you.
Unknown command.
You hit the bog body.
The bog body is severely damaged.
The bog body casts a spell at you. The bolt of cold hits you!!!
You slash the bog body!
The bog body is almost destroyed.
The bog body points at you and mumbles some strange words.
The bolt of cold hits you!!
You die...

#..... . #..... ..
##...# .<. # #.....
....#. ##....
.....####.....
♣♣♣♣♣♣♣♣♣♣♣...#.#....
♣~~~°~♣~≈~♣♣♣........
♣.†@..♣...†.⌠.......
§§....♣n♣.......⌠.......
§§♣~~~~~~≈~≈~♣♣♣........
♣♣♣♣♣♣♣♣♣♣♣♣ .........
.......... ...........
.....#.....[ .#.....


You could see a bog body.

Vanquished Creatures
  2 hydras (D:9)
  6 two-headed ogres
  A boulder beetle (D:13)
  A centaur warrior (D:9)
  5 death yaks (Lair:1)
  A tengu warrior (D:9)
  Amaemon (D:9)
  A skyshark (Lair:2)
  A bog body (Lair:2)
  Pikel (D:4)
  2 ugly things
  2 cyclopes
  5 black mambas
  4 cane toads
  An orange demon (D:9)
  Maggie (D:6)
  A gargoyle (D:11)
  3 unseen horrors
  4 komodo dragons
  A rime drake (Lair:1)
  A kobold demonologist (D:11)
  8 trolls
  A hornet (D:9)
  Grinder (D:5)
  13 blink frogs
  2 shadows
  2 wraiths (D:9)
  4 wyverns
  A basilisk (Lair:2)
  Eustachio (D:6)
  19 yaks
  A swamp worm (Lair:2)
  2 acid dragons (D:11)
  4 nagas (Lair:2)
  3 water moccasins
  7 orc warriors
  An ice beast (D:6)
  2 ogres
  6 centaurs
  3 lemures (D:4)
  5 kobold brigands
  A phantom (D:5)
  4 bullfrogs
  A gnoll sergeant (D:9)
  A scorpion (D:4)
  11 wights
  5 killer bees (D:9)
  A howler monkey (D:5)
  4 hounds
  Crazy Yiuf (D:6)
  4 gnoll boudas
  6 orc priests
  4 iguanas
  3 sleepcaps
  7 hell rats (Lair:1)
  Ijyb (D:5)
  15 orc wizards
  8 adders
  26 gnolls
  3 river rats (D:4)
  3 ufetubi
  6 worms
  2 dart slugs
  47 orcs
  7 ball pythons
  3 bats (D:2)
  8 endoplasms
  3 giant cockroaches
  5 goblins
  6 hobgoblins
  4 jackals
  26 kobolds
  5 quokkas
  2 frilled lizards
  6 rats
370 creatures vanquished.

Vanquished Creatures (collateral kills)
  A boulder beetle (D:12)
1 creature vanquished.

Grand Total: 371 creatures vanquished

Notes
Turn   | Place    | Note
-------+----------+-------------------------------------------
     0 | D:1      | Gargoyl the Gargoyle Berserker began the quest for the Orb.
     0 | D:1      | Reached XP level 1. HP: 14/14 MP: 1/1
    95 | D:1      | Found a faded altar of an unknown god.
   258 | D:1      | Reached skill level 3 in Axes
   258 | D:1      | Reached XP level 2. HP: 19/19 MP: 2/2
  1009 | D:2      | Reached XP level 3. HP: 19/23 MP: 3/3
  1081 | D:2      | Reached ** piety under Trog
  1680 | D:3      | Reached XP level 4. HP: 24/29 MP: 4/4
  1709 | D:3      | Found a shimmering blue altar of Sif Muna.
  1774 | D:3      | Identified the +4 spear of Verdant Indomitability {freeze,
                  | Str+3}
  1809 | D:3      | Reached skill level 4 in Axes
  1809 | D:3      | Reached skill level 1 in Stealth
  1809 | D:3      | Reached XP level 5. HP: 25/33 MP: 5/5
  1830 | D:3      | Found a bloodstained altar of Trog.
  2370 | D:3      | Reached *** piety under Trog
  2426 | D:3      | Reached XP level 6. HP: 31/38 MP: 6/6
  2478 | D:3      | Reached skill level 1 in Polearms
  2582 | D:4      | Noticed Pikel
  2945 | D:4      | Killed Pikel
  2946 | D:4      | Reached skill level 5 in Fighting
  2946 | D:4      | Reached XP level 7. HP: 44/44 MP: 7/7
  2946 | D:4      | Reached XP level 8. HP: 49/49 MP: 8/8
  2948 | D:4      | Found an ornate altar of the Wu Jian Council.
  3313 | D:5      | Entered Level 5 of the Dungeon
  3334 | D:5      | Noticed Ijyb
  3340 | D:5      | Killed Ijyb
  3393 | D:5      | Noticed a shadow
  3423 | D:5      | Killed a shadow
  3455 | D:5      | Noticed a wyvern
  3462 | D:5      | Killed a wyvern
  3463 | D:5      | Reached skill level 5 in Dodging
  3497 | D:5      | Reached skill level 5 in Axes
  3561 | D:5      | Noticed Grinder
  3578 | D:5      | Killed Grinder
  3579 | D:5      | Reached XP level 9. HP: 56/56 MP: 9/9
  3983 | D:6      | Noticed Maggie
  3987 | D:6      | Noticed Eustachio
  3998 | D:6      | Reached skill level 6 in Axes
  4008 | D:6      | Killed Maggie
  4045 | D:6      | Killed Eustachio
  4252 | D:6      | Reached skill level 7 in Axes
  4438 | D:6      | Reached **** piety under Trog
  4782 | D:6      | Found a runed translucent door.
  4783 | D:6      | Noticed Crazy Yiuf
  4791 | D:6      | Killed Crazy Yiuf
  4873 | D:7      | Found a staircase to the Ecumenical Temple.
  4980 | D:7      | Reached XP level 10. HP: 56/63 MP: 10/10
  5004 | D:7      | Reached skill level 8 in Axes
  5079 | D:7      | Found a snail-covered altar of Cheibriados.
  5157 | D:7      | Found a transporter.
  5158 | D:7      | Found a bloodstained altar of Trog.
  5159 | D:7      | Noticed a moth of wrath
  5159 | D:7      | Noticed temitten's ghost (novice OgSu)
  5166 | D:7      | Found a transporter.
  5168 | D:7      | Noticed a two-headed ogre
  5945 | D:8      | Found a stormy altar of Qazlal.
  5945 | D:8      | Noticed a two-headed ogre
  5953 | D:8      | Killed a two-headed ogre
  5957 | D:8      | Found a shimmering altar of Xom.
  5958 | D:8      | Found a radiant altar of Vehumet.
  5960 | D:8      | Found a hide-covered altar of Uskayaw.
  5961 | D:8      | Found an iron altar of Okawaru.
  5961 | D:8      | Found a glowing golden altar of the Shining One.
  5968 | D:8      | Found a basalt altar of Yredelemnul.
  6183 | D:8      | Found a sacrificial altar of Ru.
  6192 | D:8      | Reached skill level 9 in Axes
  6487 | D:9      | Identified a scroll of acquirement
  6487 | D:9      | Acquired 665 gold pieces
  6580 | D:9      | Noticed a seven-headed hydra
  6594 | D:10     | Entered Level 10 of the Dungeon
  6635 | D:10     | Reached skill level 5 in Armour
  6715 | D:9      | Killed a seven-headed hydra
  6756 | D:9      | Noticed an orange demon
  6765 | D:9      | Noticed Amaemon
  6808 | D:9      | Reached XP level 11. HP: 47/68 MP: 11/11
  6962 | D:9      | Noticed a cyclops
  6967 | D:9      | Noticed a centaur warrior
  6977 | D:9      | Killed a cyclops
  6978 | D:9      | Reached skill level 5 in Polearms
  6984 | D:9      | Killed a centaur warrior
  7120 | D:9      | Found Isunesk's General Store.
  7150 | D:9      | Noticed a four-headed hydra
  7169 | D:9      | Killed Amaemon
  7175 | D:9      | Killed a four-headed hydra
  7252 | D:9      | Noticed a cyan ugly thing
  7252 | D:9      | Noticed a tengu warrior
  7252 | D:9      | Noticed a two-headed ogre
  7261 | D:9      | Killed a two-headed ogre
  7269 | D:9      | Killed a cyan ugly thing
  7272 | D:9      | Killed a tengu warrior
  7740 | D:10     | Found a sparkling altar of Nemelex Xobeh.
  8031 | D:10     | Noticed a two-headed ogre
  8043 | D:10     | Killed a two-headed ogre
  8044 | D:10     | Reached XP level 12. HP: 64/76 MP: 12/12
  8188 | D:10     | Identified the +0 leather armour of Cicsudweo {rPois rN++}
  8200 | D:10     | Found an opulent altar of Gozag.
  8374 | D:11     | Reached skill level 1 in Shields
  8452 | D:11     | Noticed a two-headed ogre
  8469 | D:11     | Killed a two-headed ogre
  8470 | D:11     | Reached skill level 10 in Axes
  8477 | D:11     | Found Ynopu's Antique Armour Shop.
  9224 | D:11     | Found a staircase to the Lair.
  9434 | D:11     | Noticed a two-headed ogre
  9448 | D:11     | Killed a two-headed ogre
  9694 | D:11     | Reached skill level 10 in Fighting
  9995 | D:12     | Noticed a two-headed ogre
 10003 | D:12     | Killed a two-headed ogre
 10096 | D:12     | Noticed a boulder beetle
 10116 | D:12     | Killed a boulder beetle
 10760 | D:12     | Found a staircase to the Orcish Mines.
 10872 | D:13     | Noticed a boulder beetle
 10915 | D:13     | Killed a boulder beetle
 10916 | D:13     | Reached skill level 11 in Axes
 10970 | Lair:1   | Entered Level 1 of the Lair of Beasts
 10979 | Lair:1   | Reached skill level 5 in Shields
 11096 | Lair:1   | Noticed a death yak
 11096 | Lair:1   | Noticed a death yak
 11097 | Lair:1   | Noticed a death yak
 11097 | Lair:1   | Noticed a death yak
 11098 | Lair:1   | Noticed a death yak
 11114 | Lair:1   | Killed a death yak
 11115 | Lair:1   | Reached XP level 13. HP: 61/83 MP: 13/13
 12130 | Lair:2   | Reached skill level 12 in Axes
 12185 | Lair:2   | Found a staircase to the Snake Pit.
 12321 | Lair:2   | Reached skill level 5 in Stealth
 12513 | Lair:2   | Killed from afar by a bog body

Illustrated notes

Levels and vault maps discovered:
D:1:      heliophobic_arrival_ceremonial_halls, layout_basic,
          chequers_ecumenical_altar_simple_redux
D:2:      layout_basic
D:3:      layout_loops_cross, mainiacjoe_overflow_concentric_impassable,
          nicolae_sif_muna_condensation, minmay_quadrilaterals
D:4:      layout_cave_pools, nzn_wu_jian_council_hall, portal_sewer_entry_b,
          serial_forest, infiniplex_forest_zigzag_1, infiniplex_forest_fountain,
          infiniplex_forest_zigzag_1, infiniplex_forest_clump_small,
          infiniplex_forest_clump_double, infiniplex_forest_corner_1,
          infiniplex_forest_clump_diagonal, hangedman_minor_gate_pass,
          uniq_pikel
D:5:      layout_cave_pools, minmay_misc_feat_cross, nicolae_nh_ransacked_shop,
          uniq_ijyb, uniq_grinder
D:6:      layout_basic, uniq_eustachio, uniq_maggie, uniq_crazy_yiuf_cottage
D:7:      layout_rooms, mainiacjoe_overflow_brackets,
          minmay_temple_entry_gardened_gates, gammafunk_ghost_wrathful_warriors
D:8:      layout_loops_ring, marbit_many_paths,
          nicolae_overflow_hallway_of_the_gods, nicolae_fountain_basement
D:9:      layout_rooms, serial_shops, shop, minmay_shattered_shrine,
          uniq_amaemon
D:10:     layout_long_grid, grunt_gozag_breadcrumbs,
          mainiacjoe_overflow_chevrons
D:11:     lemuel_troll_bridge, layout_basic, serial_shops,
          nicolae_shop_statue_plus
D:12:     layout_basic, david_orc_4, nrook_mini_vaults
D:13:     layout_long_grid, gammafunk_ghost_grave
Lair:1:   layout_cave_pods
Lair:2:   layout_chaotic_city, nicolae_swamp_entry_splash_gauntlet,
          minmay_snake_entry_guardpost_small, basic_altar, minivault_26,
          dreamdust_gnoll_shepherd, infiniplex_staircase_pool

Skill      XL: |  1  2  3  4  5  6  7  8  9 10 11 12 13 |
---------------+----------------------------------------+-----
Axes           | 3 4 5 7 9 11 12 | 12.1
Dodging        | 2 4 5 6 7 8 |  8.0
Stealth        | 1 2 3 4 5 |  5.0
Fighting       | 4 5 6 7 8 9 10 11 | 11.1
Polearms       | 3 4 7 |  7.2
Armour         | 3 5 8 9 |  9.5
Shields        | 5 7 |  7.7

Action                     |  1- 3 |  4- 6 |  7- 9 | 10-12 | 13-15 || total
---------------------------+-------+-------+-------+-------+-------++-------
  Melee: Hand axe          |   111 |    20 |   242 |   453 |   221 ||  1047
         Spear             |       |   184 |     9 |   201 |       ||   394
         Punch             |       |     1 |     6 |     6 |       ||    13
 Invoke: Trog's Hand       |       |     3 |     4 |    13 |     1 ||    21
         Berserk           |       |     1 |     7 |    11 |       ||    19
         Brothers in Arms  |       |       |       |     4 |       ||     4
    Use: Scroll            |     4 |       |     6 |    12 |     7 ||    29
   Stab: Sleeping          |     1 |     5 |       |     3 |       ||     9
         Distracted        |       |       |       |     1 |     1 ||     2
 Armour: Animal skin       |    53 |    95 |    38 |       |       ||   186
         Scale mail        |       |       |    82 |   357 |    53 ||   492
         Skin              |       |       |     2 |       |       ||     2
  Dodge: Dodged            |    78 |   193 |   214 |   420 |    76 ||   981
         Repelled          |       |       |     3 |     2 |     6 ||    11
  Block: Kite shield       |       |       |       |   222 |   190 ||   412
         Reflection        |       |       |       |     7 |     4 ||    11

Table legend: (Time is in decaauts)
 A = Elapsed time spent in this place.
 B = Non-inter-level travel time spent in this place.
 C = Inter-level travel time spent in this place.
 D = Time resting spent in this place.
 E = Time spent auto-exploring this place.
 F = Levels seen in this place.
 G = Mean time per level.
                   A        B        C        D        E       F      G
               +--------+--------+--------+--------+--------+-----+--------+
         Total |  12562 |  12146 |    416 |    501 |   8351 |  15 |  837.5 |
       Dungeon |  11067 |  10677 |    390 |    501 |   7300 |  13 |  851.3 |
          Lair |   1495 |   1470 |     25 |      0 |   1051 |   2 |  747.5 |
               +--------+--------+--------+--------+--------+-----+--------+

Top non-repeatable levels by time:
    D:11: 1602 daAuts
  Lair:1: 1086 daAuts
     D:9: 1042 daAuts
     D:1: 1009 daAuts
    D:12: 981 daAuts
     D:6: 972 daAuts
     D:8: 922 daAuts
     D:3: 843 daAuts
     D:4: 824 daAuts
    D:10: 819 daAuts
     D:2: 717 daAuts
     D:5: 650 daAuts
     D:7: 633 daAuts
  Lair:2: 409 daAuts
    D:13: 48 daAuts
